 Dungeon Crawl Stone Soup version 0.17-a0-1900-g45e8110 (webtiles) character file.

2578 kae the Markself (level 9, 0/54 HPs)
             Began as a High Elf Hunter on Sept 24, 2015.
             Was a Believer of Okawaru.
             Slain by a human
             ... wielding a +0 club
              (4 damage)
             ... on level 6 of the Dungeon.
             The game lasted 00:23:19 (11232 turns).

kae the Markself (High Elf Hunter)                 Turns: 11232, Time: 00:23:20

Health: 0/54       AC: 12    Str: 11    XL:     9   Next: 32%
Magic:  10/10      EV: 21    Int: 17    God:    Okawaru [**....]
Gold:   291        SH:  0    Dex: 20    Spells: 0 memorised, 8 levels left

rFire  . . .     SeeInvis .     H - -2 falchion (curse)
rCold  + . .     Clarity  .     g - +2 ring mail {rC+}
rNeg   . . .     SustAt   .     (no shield)
rPois  .         Gourm    .     o - +0 helmet
rElec  .         Spirit   .     p - +1 cloak
rCorr  .         Warding  .     (no gloves)
rMut   .         Stasis   .     u - +0 pair of boots
MR     .....                    (no amulet)
Stlth  +++.......               e - +6 ring of evasion
                                i - +2 ring of intelligence

@: heroism, not resistant to hostile enchantments, fairly stealthy
A: no striking features
a: Heroism, Renounce Religion


You were on level 6 of the Dungeon.
You worshipped Okawaru.
Okawaru was pleased with you.
You were hungry.

You visited 1 branch of the dungeon, and saw 9 of its levels.

You collected 291 gold pieces.

Inventory:

Hand weapons
 a - a +1 shortbow
 b - a +0 short sword
 y - a +0 shortbow
 D - a +0 shortbow
 H - a cursed -2 falchion (weapon)
Missiles
 c - 228 arrows
Armour
 g - a +2 ring mail of cold resistance (worn)
 o - a +0 helmet (worn)
 p - a +1 cloak (worn)
 u - a +0 pair of boots (worn)
Jewellery
 e - a +6 ring of evasion (right hand)
 h - an uncursed amulet of stasis
 i - a +2 ring of intelligence (left hand)
Magical devices
 d - a wand of frost (0)
 t - a wand of fire (0)
 E - a wand of hasting (2)
 G - a wand of polymorph (0)
Scrolls
 f - 3 scrolls of amnesia
 q - 2 scrolls of fear
 x - 2 scrolls of magic mapping
Potions
 m - 2 potions of haste
 r - a potion of might
 v - 5 potions of curing
 B - 2 potions of brilliance
Comestibles
 w - 2 meat rations
 z - 10 bread rations
 C - 2 beef jerkies


   Skills:
 - Level 2.0(7.0) Fighting
 + Level 16.1(21.1) Bows
 - Level 2.1(7.1) Dodging
 - Level 1.1(6.1) Stealth


You had 8 spell levels left.
You didn't know any spells.

Dungeon Overview and Level Annotations

Branches:
Dungeon (9/15)             Temple (0/1) D:7
   Lair: D:8-11         Orc: D:9-12

Altars:
Gozag
Okawaru
Qazlal

Annotations:
D:5 Dowan, Duvessa, Grinder, Pikel
D:6 Sigmund


Message History

The human completely misses you.
You hit the human but do no damage.
The human is almost dead.
The human closely misses you.
You hit the human.
The human is almost dead.
The human hits you.
* * * LOW HITPOINT WARNING * * *
You hit the human.
The human is almost dead.
The human hits you.
* * * LOW HITPOINT WARNING * * *
You hit the human.
You kill the human!
Okawaru is honoured by your kill.
Your base Bows skill increases to level 16!
You barely miss the human.
The human is lightly wounded.
The human hits you with a club.
You die...

.##...>..##...####.#####.#
###.#.#).......# #.# #.#
.)(...#........# #.# #.##
##...##.....<..# #.# #..##
.....##........# #.# ##..#
####..#(.......# #.# ##.#
##.(........# #.# #.#
###(......####.##### #.#
#........p@......# #.# ##
#######.####.###.###.# .##
#..# #.# #..##.# ..###
##.# #.# ##.##.##
#...##########.###.#
#..#..#
###...#.......>....#
##.##.#####
###.#.######.#####
#..#...... # #...#
#.##########.#.#####
#####.###
#.........##########


You could see a human.

Vanquished Creatures
  A spriggan (D:7)
  3 humans (D:6)
  The ghost of Goblin1989 the Poker, an average MfSk (D:3)
  Edmund (D:4)
  An orc warrior (D:7)
  2 sky beasts
  4 slaves
  An ice beast (D:7)
  2 centaurs
  A necrophage (D:7)
  Blork the orc (D:6)
  2 giant frogs (D:6)
  A scorpion (D:5)
  6 killer bees (D:7)
  A crimson imp (D:4)
  A giant frog skeleton (D:4)
  2 iguanas (D:7)
  An orc wizard (D:5)
  4 hounds
  A quasit (D:6)
  6 worker ants
  A hound zombie (D:5)
  Robin (D:2)
  7 adders
  A giant eyeball (D:6)
  A shadow imp (D:7)
  An ooze (D:3)
  2 adder zombies
  3 worms
  13 orcs
  6 giant cockroaches
  21 goblins
  12 hobgoblins
  9 jackals (D:2)
  8 kobolds
  A quokka (D:5)
  9 bats
  7 giant geckos
  7 giant newts
  2 jackal skeletons (D:7)
  A jackal zombie (D:7)
  9 rats
165 creatures vanquished.

Notes
Turn   | Place    | Note
--------------------------------------------------------------
     0 | D:1      | kae the High Elf Hunter began the quest for the Orb.
     0 | D:1      | Reached XP level 1. HP: 14/14 MP: 2/2
   547 | D:1      | Reached XP level 2. HP: 9/19 MP: 3/3
   757 | D:1      | Reached skill level 6 in Bows
  1962 | D:2      | Found an iron altar of Okawaru.
  1971 | D:2      | Reached XP level 3. HP: 24/24 MP: 4/4
  1984 | D:2      | Became a worshipper of Warmaster Okawaru
  2343 | D:2      | Reached skill level 7 in Bows
  3086 | D:2      | Reached XP level 4. HP: 29/29 MP: 5/5
  3341 | D:2      | Noticed Robin
  3372 | D:2      | Killed Robin
  3747 | D:2      | Reached skill level 8 in Bows
  4266 | D:3      | Noticed Goblin1989's ghost (average MfSk)
  4298 | D:3      | Killed Goblin1989's ghost
  4298 | D:3      | Reached skill level 9 in Bows
  4298 | D:3      | Reached XP level 5. HP: 34/34 MP: 6/6
  4526 | D:3      | Reached XP level 6. HP: 25/39 MP: 7/7
  5018 | D:4      | Noticed Edmund
  5036 | D:4      | Killed Edmund
  5036 | D:4      | Reached skill level 10 in Bows
  5356 | D:4      | Acquired Okawaru's first power
  5356 | D:4      | Reached skill level 11 in Bows
  5356 | D:4      | Reached XP level 7. HP: 28/45 MP: 8/8
  5988 | D:4      | Found an opulent altar of Gozag.
  6172 | D:5      | Entered Level 5 of the Dungeon
  6172 | D:5      | Noticed Pikel
  6172 | D:5      | Noticed Dowan
  6175 | D:5      | Noticed Duvessa
  6397 | D:5      | Noticed Grinder
  6399 | D:5      | You fall through a shaft for 2 floors!
  6546 | D:7      | Reached skill level 12 in Bows
  7271 | D:7      | Reached XP level 8. HP: 49/49 MP: 6/9
  7272 | D:7      | Reached skill level 13 in Bows
  7618 | D:7      | Noticed a spriggan baker
  7639 | D:7      | Killed a spriggan baker
  7639 | D:7      | Reached skill level 14 in Bows
  7716 | D:7      | You fall through a shaft for 2 floors!
  7716 | D:9      | Noticed a troll
  7859 | D:7      | Found a staircase to the Ecumenical Temple.
  8329 | D:5      | Reached skill level 15 in Bows
  8909 | D:5      | Reached XP level 9. HP: 48/53 MP: 10/10
  9501 | D:5      | Found a stormy altar of Qazlal.
  9969 | D:6      | Noticed Sigmund
 10043 | D:6      | Noticed Blork the orc
 10066 | D:6      | Killed Blork the orc
 10450 | D:6      | Paralysed by a giant eyeball for 2 turns
 10636 | D:5      | Noticed a hill giant
 11231 | D:6      | Reached skill level 16 in Bows
 11232 | D:6      | Slain by a human

Vault maps used:
D:1:      lightli_arrival_chessboard, minmay_unequal
D:2:      kennysheep_goblin_castle, lemuel_tele_altar
D:4:      kennysheep_mini_moat, first_bread, uniq_edmund
D:5:      nicolae_overflow_crystal_walls, abandoned_shop, uniq_pikel,
          uniq_duvessa, uniq_grinder
D:6:      gup_sewer_entry_pipe, minmay_ruffians, uniq_blork_the_orc,
          uniq_sigmund
D:7:      temple_green, the_bakery
D:8:      patterned_corridor
D:9:      minmay_curly_fans, grunt_lair_entry_elf_guard_hut, uniq_erica

Action                   |  1- 3 |  4- 6 |  7- 9 || total
-------------------------+-------+-------+-------++-------
Melee: Short sword       |   166 |    86 |    69 ||   321
       Falchion          |       |       |   505 ||   505
 Fire: Shortbow          |    42 |   136 |   172 ||   350
Invok: Heroism           |       |       |    11 ||    11
Evoke: Wand              |       |       |    15 ||    15
  Use: Scroll            |     1 |    12 |    11 ||    24
       Potion            |     1 |     1 |     3 ||     5
 Stab: Sleeping          |     4 |     1 |     1 ||     6
  Eat: Chunk             |     7 |     6 |    14 ||    27
       Fruit             |       |       |     2 ||     2
       Meat ration       |       |       |     1 ||     1
